 Dungeon Crawl Stone Soup version 0.30.1-9-gdf580d7c3d (webtiles) character file.

Game seed: 16212394886176461020

599 Anriel the Chucker (level 7, 0/54 HPs)
             Began as a Human Gladiator on Oct 5, 2023.
             Slain by a bullfrog zombie (3 damage)
             ... in an ossuary.
             The game lasted 00:13:25 (2457 turns).

Anriel the Chucker (Human Gladiator)                Turns: 2457, Time: 00:13:26

Health: 0/54       AC:  6    Str: 15    XL:     7   Next: 68%
Magic:  7/7        EV: 12    Int:  8    God:
Gold:   169        SH:  0    Dex: 16    Spells: 6/6 levels left

rFire   + . .        a - +1 long sword
rCold   . . .        (no shield)
rNeg    . . .        f - +0 ring mail
rPois   .            c - +0 helmet
rElec   .            (no cloak)
rCorr   .            (no gloves)
SInv    .            (no boots)
Will    +....        (no amulet)
Stlth   +            h - ring of protection from fire
HPRegen 0.29/turn    b - ring of willpower
MPRegen 0.10/turn

%: no passive effects
@: no status effects
A: no striking features
a: no special abilities


You were in an ossuary.
You visited 1 branch of the dungeon, and saw 4 of its levels.
You also visited: Ossuary.

You collected 169 gold pieces.

Inventory:

Hand Weapons
 a - a +1 long sword (weapon)
 o - the +2 trident "Setwehe" {pain, Fly rN+ Int+3 Stlth-}
   (You found it on level 3 of the Dungeon)

   Int:       It affects your intelligence (+3).
   rN:        It protects you from negative energy.
   Fly:       It grants you flight.
   Stlth:     It makes you less stealthy.
Missiles
 d - a throwing net (quivered)
Armour
 c - a +0 helmet (worn)
 f - a +0 ring mail (worn)
Jewellery
 b - a ring of willpower (right hand)
 g - a +6 ring of intelligence
 h - a ring of protection from fire (left hand)
Potions
 k - a potion of degeneration {unknown}
 l - a potion of might


   Skills:
 + Level 4.2 Fighting
 + Level 4.2 Long Blades
 + Level 4.3 Throwing
 - Level 3.1 Armour
 + Level 4.2 Dodging


You had 6 spell levels left.
You didn't know any spells.
Your spell library contained the following spells:

 Spells                   Type           Power      Damage    Failure   Level
 Blink                    Tloc           0%         N/A       77%         2
 Lesser Beckoning         Tloc           0%         N/A       77%         2
 Momentum Strike          Conj/Tloc      0%         3d8       77%         2
 Poisonous Vapours        Pois/Air       0%         N/A       77%         2
 Mephitic Cloud           Conj/Pois/Air  0%         N/A       94%         3
 Freezing Cloud           Conj/Ice/Air   0%         6-21      100%        5


Dungeon Overview and Level Annotations

Branches:
Dungeon (4/15)             Temple (0/1) D:4         Ossuary (1/1)

Altars:
Elyvilon
The Shining One

Annotations:
D:3 3 runed translucent doors, ripuliukko's ghost, amateur DEEE


Message History

Unknown command.
Throw: 2 throwing nets
Press: ? - help, Q - select action Shift-Dir - straight line, f - mummy
Aim: a mummy (77% to hit)
You throw a throwing net. The throwing net hits the mummy.
The mummy is caught in the net!
Unknown command.
You hit the mummy but do no damage.
The mummy struggles against the net.
You hit the mummy but do no damage.
The mummy struggles against the net.
You hit the mummy but do no damage. You hit the mummy.
The mummy is lightly damaged.
The mummy struggles against the net.
A bullfrog zombie comes into view.
You hit the mummy but do no damage.
The mummy is lightly damaged.
The mummy struggles against the net.
You slash the mummy!
The mummy is severely damaged.
The mummy struggles against the net.
You hit the mummy.
You destroy the mummy!
You closely miss the bullfrog zombie. The bullfrog zombie hits you.
* * * LOW HITPOINT WARNING * * *
You barely miss the bullfrog zombie. The bullfrog zombie barely misses you.
The bullfrog zombie hits you.
* * * LOW HITPOINT WARNING * * *
You barely miss the bullfrog zombie.
The bullfrog zombie hits you but does no damage.
The bullfrog zombie hits you.
* * * LOW HITPOINT WARNING * * *
You hit the bullfrog zombie.
The bullfrog zombie is lightly damaged.
The bullfrog zombie completely misses you.
You hit the bullfrog zombie.
The bullfrog zombie is moderately damaged.
The bullfrog zombie hits you.
* * * LOW HITPOINT WARNING * * *
The bullfrog zombie hits you.
You die...

#+#'#+#+###
.......ZZ@#
.#####Z###
#...#.'.#
#.∩.'.###
#∩..#.+
#####.# '.+
#.# #M'


You could see a water moccasin zombie, a bullfrog zombie and a killer bee
zombie.

Vanquished Creatures
  An ogre (D:4)
  A water moccasin zombie (Ossuary)
  4 bullfrog zombies (Ossuary)
  A centaur zombie (Ossuary)
  A hound (D:4)
  5 mummies (Ossuary)
  8 gnolls (D:4)
  4 adders
  A worm (D:3)
  A dart slug (D:2)
  An orc (D:3)
  4 ball pythons
  7 endoplasms
  A giant cockroach (D:3)
  4 goblins
  7 hobgoblins
  7 jackals
  7 kobolds
  3 quokkas
  3 bats
  2 frilled lizards (D:2)
  5 rats
  2 rat zombies (D:4)
80 creatures vanquished.

Notes
Turn   | Place    | Note
-------+----------+-------------------------------------------
     0 | D:1      | Anriel the Human Gladiator began the quest for the Orb.
     0 | D:1      | Reached XP level 1. HP: 16/16 MP: 1/1
    38 | D:1      | Reached skill level 1 in Armour
    38 | D:1      | Reached XP level 2. HP: 18/22 MP: 2/2
   542 | D:2      | Reached XP level 3. HP: 25/28 MP: 3/3
  1032 | D:2      | Found a faded altar of an unknown god.
  1149 | D:2      | Reached XP level 4. HP: 31/34 MP: 4/4
  1293 | D:3      | Found a white marble altar of Elyvilon.
  1470 | D:3      | Found a glowing golden altar of the Shining One.
  1539 | D:3      | Reached XP level 5. HP: 40/40 MP: 5/5
  1806 | D:3      | Found a runed translucent gate.
  1807 | D:3      | Found a runed translucent gate.
  1807 | D:3      | Found a runed translucent gate.
  1811 | D:3      | Noticed ripuliukko's ghost (amateur DEEE)
  1819 | D:3      | Identified the +2 trident "Setwehe" {pain, Fly rN+ Int+3
                  | Stlth-}
  2095 | D:4      | Found a staircase to the Ecumenical Temple.
  2101 | D:4      | Reached XP level 6. HP: 42/47 MP: 6/6
  2139 | D:4      | Noticed an ogre
  2148 | D:4      | Killed an ogre
  2178 | D:4      | Found a sand-covered staircase.
  2195 | Ossuary  | Entered an ossuary
  2361 | Ossuary  | Reached XP level 7. HP: 51/53 MP: 7/7
  2457 | Ossuary  | Slain by a bullfrog zombie

Illustrated notes

Levels and vault maps discovered:
D:1:      onia_arrival_pentagram, layout_rooms
D:2:      layout_basic, chequers_ecumenical_altar_simple
D:3:      layout_basic, mainiacjoe_overflow_small_starburst, elyvilon_altar_3,
          ebering_ghost_rock_garden
D:4:      layout_loops_ring, minmay_temple_entry_drinking_statues,
          ebering_ghost_disaster_area, enter_ossuary_4, bh_walls_and_bars
Ossuary:  ossuary_zaba_flooded

Skill      XL: |  1  2  3  4  5  6  7 |
---------------+----------------------+-----
Armour         | 1 2 3 |  3.1
Fighting       | 3 4 |  4.2
Throwing       | 3 4 |  4.3
Long Blades    | 4 |  4.2
Dodging        | 4 |  4.2

Action                     |  1- 3 |  4- 6 |  7- 9 || total
---------------------------+-------+-------+-------++-------
  Melee: Long sword        |   100 |   149 |    55 ||   304
         Punch             |     1 |     1 |     1 ||     3
  Throw: Javelin           |     2 |     3 |       ||     5
         Throwing net      |       |     2 |     2 ||     4
    Use: Scroll            |     8 |     4 |       ||    12
         Potion            |       |     1 |       ||     1
   Stab: Held in net/web   |       |     2 |       ||     2
 Armour: Leather armour    |    10 |       |       ||    10
         Ring mail         |    31 |    59 |    10 ||   100
  Dodge: Dodged            |    85 |    95 |    30 ||   210
